 Dungeon Crawl Stone Soup version 0.19.5 (webtiles) character file.

98 sveltemanboy the Skirmisher (level 4, 0/37 HPs)
             Began as a Demonspawn Monk on Apr 13, 2017.
             Succumbed to Crazy Yiuf's poison
             ... on level 2 of the Dungeon.
             The game lasted 00:03:29 (2183 turns).

sveltemanboy the Skirmisher (Demonspawn Monk)       Turns: 2183, Time: 00:03:30

Health: 0/37       AC:  2    Str: 12    XL:     4   Next: 43%
Magic:  4/4        EV: 14    Int: 11    God:
Gold:   56         SH:  0    Dex: 16    Spells: 0 memorised, 3 levels left

rFire  . . .     SeeInvis .     e - +0 spear (pierce)
rCold  . . .     Gourm    .     b - +0 robe
rNeg   . . .     Faith    .     (no shield)
rPois  .         Spirit   .     (no helmet)
rElec  .         Reflect  .     (no cloak)
rCorr  .         Harm     +     (no gloves)
MR     .....                    (no boots)
Stlth  ++........               m - amulet of harm
                                (no ring)
                                (no ring)

@: lethally poisoned (0 -> -15)
A: talons 1, spiny 1
a: no special abilities


You were on level 2 of the Dungeon.
You were very hungry.

You visited 1 branch of the dungeon, and saw 2 of its levels.

You collected 56 gold pieces.

Inventory:

Hand Weapons
 e - a +0 spear of piercing (weapon)
Armour
 b - a +0 robe (worn)
Jewellery
 m - an amulet of harm (around neck)
Scrolls
 d - a scroll of identify {unknown}
 f - 4 scrolls of remove curse {unknown}
 g - 2 scrolls of blinking {unknown}
 i - 2 scrolls of teleportation {unknown}
 l - 2 scrolls of magic mapping {unknown}
 n - a scroll of noise {unknown}
 o - a scroll of immolation {unknown}
Potions
 j - a potion of cancellation {unknown}
 k - a potion of haste {unknown}
Comestibles
 a - 2 beef jerkies
 c - a bread ration


   Skills:
 + Level 3.9 Fighting
 - Level 2.6 Polearms
 + Level 2.1 Armour
 + Level 3.3 Dodging
 - Level 1.7 Stealth


You had 3 spell levels left.
You didn't know any spells.

Dungeon Overview and Level Annotations

Branches:
Dungeon (2/15)

Altars:
Xom

Annotations:
D:2 Crazy Yiuf


Innate Abilities, Weirdness & Mutations

You have sharp toenails.
You are partially covered in sharp spines.


Message History

Crazy Yiuf is struck by your spines.
Crazy Yiuf hits you with a quarterstaff of chaos.
Crazy Yiuf freezes you.
You completely miss Crazy Yiuf.
Crazy Yiuf is heavily wounded.
Crazy Yiuf is struck by your spines. Crazy Yiuf closely misses you.
You hit Crazy Yiuf. You claw Crazy Yiuf, but do no damage.
Crazy Yiuf is almost dead.
Crazy Yiuf hits you with a quarterstaff of chaos!
You barely miss Crazy Yiuf. You claw Crazy Yiuf, but do no damage.
Crazy Yiuf is almost dead.
You hit Crazy Yiuf but do no damage.
Crazy Yiuf is almost dead.
Crazy Yiuf hits you with a quarterstaff of chaos!
* * * LOW HITPOINT WARNING * * *
You are lethally poisoned!
Unknown command.
You barely miss Crazy Yiuf. You claw Crazy Yiuf, but do no damage.
Crazy Yiuf is almost dead.
You die...

..#+#########.............##.#...
............'..............#.....
###'##################...........
≈≈≈.≈≈## #.# #...........
≈....≈≈###.# ##### #.......####
......≈≈##.# #..)# #....##.....
.......≈##.# #...# #'#...#..###
≈≈≈≈...≈##.# #.g.# #'#.#.##.#.+
....♣..≈##.# #@# #'#.#.##...#
.♣.≈...≈##.# ♣♣.♣ #...#.##...#
...≈..≈≈#..# ♣.♣♣ #.....#....#
≈≈≈≈..≈##..# ♣♣.♣ #...###....#
.....≈≈##..# ♣.♣♣ #...###..#..
....≈≈###..# ♣♣.♣♣ #.....<..#..
..≈≈≈##....# ♣.P.♣♣ #..####..##.
≈≈≈###.....# ♣PP..♣ #..####..##.
####.......# #....# #.(..##..##.


You could see Crazy Yiuf.

Vanquished Creatures
  A gnoll (D:1)
  2 adders (D:2)
  3 oozes
  2 dart slugs (D:1)
  3 leopard geckos
  3 ball pythons
  7 bats
  7 hobgoblins
  2 quokkas (D:2)
  A frilled lizard (D:1)
  6 goblins
  4 kobolds
  10 rats
  A fungus (D:2)
52 creatures vanquished.

Notes
Turn   | Place    | Note
-------+----------+-------------------------------------------
     0 | D:1      | sveltemanboy the Demonspawn Monk began the quest for the Orb.
     0 | D:1      | Reached XP level 1. HP: 18/18 MP: 1/1
   162 | D:1      | Gained mutation: You are partially covered in sharp spines. [demonic ancestry]
   162 | D:1      | Reached XP level 2. HP: 22/24 MP: 2/2
   315 | D:1      | Reached skill level 1 in Armour
   449 | D:1      | Gained mutation: You have sharp toenails. [demonic ancestry]
   449 | D:1      | Reached XP level 3. HP: 10/29 MP: 3/3
  1425 | D:2      | Reached XP level 4. HP: 29/37 MP: 4/4
  1506 | D:2      | Found a shimmering altar of Xom.
  2169 | D:2      | Found a runed door.
  2173 | D:2      | Noticed Crazy Yiuf
  2183 | D:2      | Succumbed to Crazy Yiuf's poison

Skill      XL: |  1  2  3  4 |
---------------+-------------+-----
Armour         | 1 2 |  2.1
Dodging        | 3 |  3.3
Fighting       | |  3.9
Polearms       | |  2.6
Stealth        | |  1.7

Action                   |  1- 3 |  4- 6 || total
-------------------------+-------+-------++-------
Melee: Spear             |   108 |    45 ||   153
       Kick              |     6 |    14 ||    20
 Stab: Sleeping          |     6 |     3 ||     9
       Distracted        |     1 |     1 ||     2
  Eat: Chunk             |     2 |     1 ||     3
Armor: Robe              |    11 |     2 ||    13
Dodge: Dodged            |    34 |     7 ||    41
